 Dungeon Crawl Stone Soup version 0.32-a0-918-g0f22ef8d61 (webtiles) character file.

Game seed: 5428123420683323162

47 Biggs the Shooter (level 3, -3/27 HPs)
             Began as a Coglin Hunter on Apr 11, 2024.
             Slain by Sigmund
             ... wielding a +2 heavy scythe
              (22 damage)
             ... on level 2 of the Dungeon.
             The game lasted 00:02:16 (907 turns).

Biggs the Shooter (Coglin Hunter)                    Turns: 907, Time: 00:02:16

Health: -3/27      AC:  3    Str: 11    XL:     3   Next: 70%
Magic:  3/3        EV: 11    Int:  8    God:
Gold:   48         SH:  0    Dex: 19    Spells: 2/2 levels left

rFire   . . .        a - +2 sling {Juan}
rCold   . . .        d - +0 sling {Silke}
rNeg    . . .        c - +0 leather armour
rPois   .            (no helmet)
rElec   .            (no cloak)
rCorr   .            (no gloves)
SInv    .            (no boots)
Will    .....        (amulet unavailable)
Stlth   ++           (ring unavailable)
HPRegen 0.24/turn    (ring unavailable)
MPRegen 0.08/turn    (no gizmo)

%: no passive effects
@: revving
A: off-hand wielding, slow wielding, warmup strikes, no jewellery
a: Invent Gizmo


You were on level 2 of the Dungeon.
You visited 1 branch of the dungeon, and saw 2 of its levels.

You collected 48 gold pieces.

Inventory:

Hand Weapons
 a - a +2 sling (weapon) {Juan}
 d - a +0 sling (offhand) {Silke}
Armour
 b - a +1 helmet
 c - a +0 leather armour (worn)
Scrolls
 g - a scroll of enchant weapon {unknown}
 h - a scroll of vulnerability {unknown}
Potions
 e - a potion of heal wounds {unknown}
 f - 2 potions of berserk rage {unknown}
 i - a potion of invisibility {unknown}


   Skills:
 - Level 2.0 Fighting
 + Level 4.8 Ranged Weapons
 - Level 1.7 Dodging
 - Level 0.7 Stealth


You had 2 spell levels left.
You didn't know any spells.
Your spell library contained the following spells:

 Spells                   Type           Power      Damage    Failure   Level
 Ensorcelled Hibernation  Hex/Ice        0%         N/A       65%         2
 Fugue of the Fallen      Necr           0%         N/A       86%         3
 Ozocubu's Armour         Ice            0%         N/A       86%         3
 Passwall                 Erth           0%         N/A       86%         3
 Swiftness                Air            0%         N/A       86%         3
 Manifold Assault         Tloc           0%         N/A       100%        7


Dungeon Overview and Level Annotations

Branches:
Dungeon (2/15)

Altars:

Annotations:
D:2 Sigmund


Innate Abilities, Weirdness & Mutations

You can wield a second weapon in your off-hand.
It takes a long time for you to wield or remove held weapons.
Your first few attacks do less damage.
You cannot equip rings or amulets.


Message History

Unknown command.
You see here a +0 long sword.
As you open the door, it creaks loudly!
There is an open door here.
Your butterfly disappears in a burst of colours!
You see here a +0 ring mail.
Your butterfly disappears in a burst of colours!
Things that are here:
a ball python skeleton; a jackal skeleton You see here a jackal skeleton.
You see here a bat skeleton.
There is a stone staircase leading up here.
You climb upwards.
Reactivating autopickup.
There is a stone staircase leading down here.
You start resting.
HP restored.
You climb downwards.
Level annotation: Sigmund
There is a stone staircase leading up here.
Sigmund points at you and mumbles some strange words.
The puff of flame misses you.
Sigmund is nearby!
Sigmund is nearby!
You shoot a sling bullet.
The sling bullet completely misses Sigmund.
You shoot a sling bullet. The sling bullet hits Sigmund.
Sigmund is moderately wounded.
Sigmund hits you from afar with a +2 heavy scythe!
You shoot a sling bullet. The sling bullet barely misses Sigmund.
You shoot a sling bullet.
The sling bullet closely misses Sigmund.
You shoot a sling bullet.
The sling bullet closely misses Sigmund.
You shoot a sling bullet. The sling bullet hits Sigmund.
Sigmund is heavily wounded.
Sigmund hits you from afar with a +2 heavy scythe!!
Ouch! That really hurt!
You die...
Sigmund begins carving another notch in his scythe.

..##.###### #.#......<#
.###......# ###.#####.###
..........########.#.......#
......@....÷÷....÷..>#######
..........##÷b.....#.#
b......)..##.#####.#.#
..........##...@.#.#.#####
..........######.#.......#
############..<.@....###.#
#.#...#.#.# #.#.###.#.# #
#.#.....#.# # #.#...###.# #
#....####.## #####
#...####...#### .....
#...##≈≈~~~≈≈≈#
####.#######.######...####


You could see Sigmund.

Vanquished Creatures
  An adder (D:2)
  A dart slug (D:1)
  A ribbon worm (D:2)
  4 endoplasms
  A giant cockroach (D:1)
  3 hobgoblins
  3 jackals (D:2)
  A quokka (D:1)
  3 ball pythons
  7 bats
  5 frilled lizards
  2 kobolds (D:1)
  3 rats (D:1)
35 creatures vanquished.

Notes
Turn   | Place    | Note
-------+----------+-------------------------------------------
     0 | D:1      | Biggs the Coglin Hunter began the quest for the Orb.
     0 | D:1      | Reached XP level 1. HP: 16/16 MP: 1/1
   127 | D:1      | Reached skill level 4 in Ranged Weapons
   127 | D:1      | Reached XP level 2. HP: 22/22 MP: 2/2
   437 | D:2      | Reached XP level 3. HP: 27/27 MP: 3/3
   779 | D:2      | Noticed Sigmund
   907 | D:2      | Slain by Sigmund

Illustrated notes

Levels and vault maps discovered:
D:1:      ncdulo_watergridlock, layout_rooms, nicolae_twisty_statue_hallways
D:2:      layout_basic, minmay_misc_feat_enclosed, nicolae_eternal_life,
          chequers_serial_rivers_micro_a, uniq_sigmund

Skill      XL: |  1 |
---------------+----+-----
Ranged Weapons | 4 |  4.8
Fighting       | |  2.0
Dodging        | |  1.7
Stealth        | |  0.7

Action                     || total
---------------------------++-------
   Fire: Sling             ||   160
    Use: Scroll            ||     1
 Armour: Leather armour    ||    22
  Dodge: Dodged            ||    20

Table legend: (Time is in decaauts)
 A = Elapsed time spent in this place.
 B = Non-inter-level travel time spent in this place.
 C = Inter-level travel time spent in this place.
 D = Time resting spent in this place.
 E = Time spent auto-exploring this place.
 F = Levels seen in this place.
 G = Mean time per level.
                   A        B        C        D        E       F      G
               +--------+--------+--------+--------+--------+-----+--------+
         Total |    926 |    903 |     23 |     64 |    631 |   2 |  463.0 |
       Dungeon |    926 |    903 |     23 |     64 |    631 |   2 |  463.0 |
               +--------+--------+--------+--------+--------+-----+--------+

Top non-repeatable levels by time:
     D:1: 503 daAuts
     D:2: 423 daAuts
